 Dungeon Crawl Stone Soup version 0.29.1-2-gbd0b4ee654 (webtiles) character file.

Game seed: 690181643849968700

142 styxcanada the Sneak (level 5, -7/26 HPs)
             Began as a Spriggan Brigand on Oct 30, 2022.
             Blown up by Ijyb (20 damage)
             ... with a mindburst bolt
             ... on level 3 of the Dungeon.
             The game lasted 00:09:03 (2522 turns).

styxcanada the Sneak (Spriggan Brigand)             Turns: 2522, Time: 00:09:03

Health: -7/26      AC:  4    Str:  7    XL:     5   Next: 4%
Magic:  8/8        EV: 18    Int: 12    God:
Gold:   129        SH:  0    Dex: 19    Spells: 4/6 levels left

rFire   . . .      SeeInvis +   s - +3 dagger (freeze)
rCold   . . .      Faith    .   (no shield)
rNeg    . . .      Spirit   .   b - +0 robe
rPois   .          Reflect  .   (helmet restricted)
rElec   .          Harm     .   c - +1 cloak
rCorr   .          Rampage  .   (gloves unavailable)
Will    .....                   (boots unavailable)
Stlth   ++++......              (no amulet)
HPRegen 0.08/turn               (no ring)
MPRegen 0.11/turn               (no ring)

@: very quick
A: very small, no large weapons, unfitting armour, see invisible, speed 3
a: no special abilities


You were on level 3 of the Dungeon.
You visited 1 branch of the dungeon, and saw 3 of its levels.

You collected 129 gold pieces.

Inventory:

Hand Weapons
 a - a +2 dagger
 p - a +0 dagger of electrocution
 r - a +4 quarterstaff of chaos
 s - a +3 dagger of freezing (weapon)
Missiles
 e - 2 curare-tipped darts
 l - 16 stones (quivered)
 q - 5 poisoned darts
Armour
 b - a +0 robe (worn)
 c - a +1 cloak (worn)
Magical Staves
 f - a staff of air
Jewellery
 m - a ring of fire
Scrolls
 i - 2 scrolls of enchant weapon
 j - a scroll of torment {unknown}
 k - a scroll of teleportation
 o - a scroll of amnesia
Potions
 d - a potion of heal wounds {unknown}
 g - a potion of brilliance {unknown}
 h - a potion of cancellation {unknown}
 n - a potion of haste {unknown}


   Skills:
 * Level 2.0 Fighting
 + Level 2.6 Short Blades
 + Level 2.3 Throwing
 * Level 2.7 Dodging
 * Level 7.7 Stealth
 * Level 1.3 Spellcasting
 * Level 0.2 Hexes
 * Level 1.4 Evocations


You had 4 spell levels left.
You knew the following spells:

 Your Spells              Type           Power      Damage    Failure   Level
a - Ensorcelled Hibernat  Hex/Ice        2%         N/A       38%         2

Your spell library contained the following spells:

 Spells                   Type           Power      Damage    Failure   Level
 Passwall                 Tmut/Erth      0%         N/A       41%         2
 Swiftness                Air            0%         N/A       65%         3


Dungeon Overview and Level Annotations

Branches:
Dungeon (3/15)

Altars:

Annotations:
D:3 1 runed translucent door, Ijyb


Innate Abilities, Weirdness & Mutations

You are very small and have problems with some larger weapons.
You are too small for most types of armour.
You have supernaturally acute eyesight. (SInv)
You cover ground extremely quickly. (Speed+++)


Message History

You hit Ijyb. You freeze Ijyb.
Ijyb is moderately wounded.
Ijyb hits you with a +0 dagger.
You hit Ijyb but do no damage.
Ijyb is moderately wounded.
Ijyb zaps a wand.
You resist with significant effort.
You hit Ijyb but do no damage.
Ijyb is moderately wounded.
Ijyb zaps a wand.
You resist with significant effort.
You closely miss Ijyb.
Ijyb is moderately wounded.
Ijyb screams, "Me stronger than you!" Ijyb completely misses you.
You hit Ijyb but do no damage.
Ijyb is moderately wounded.
Ijyb screams, "It's all mine!"
Ijyb misses you.
You hit Ijyb but do no damage.
Ijyb is moderately wounded.
Ijyb misses you.
You hit Ijyb but do no damage.
Ijyb is moderately wounded.
You hit Ijyb but do no damage.
Ijyb is moderately wounded.
Ijyb zaps a wand.
You resist with significant effort.
You hit Ijyb but do no damage.
Ijyb is moderately wounded.
Ijyb zaps a wand.
Your mind is blasted!
You hit Ijyb but do no damage.
Ijyb is moderately wounded.
The kobold brigand shouts!
The kobold hits the fungus with a +0 whip.
The fungus begins to die.
The kobold brigand hits something with a +3 whip of draining.
Ijyb zaps a wand.
Your mind is blasted!
You closely miss Ijyb.
Ijyb is moderately wounded.
Ijyb zaps a wand.
Your mind is blasted!
Ouch! That really hurt!
You die...

............... #.
#......>...........).
#KP#....................
K.##.............#<.....
+##.............##......
...............# ###....
..............####......
......g...?........####.
.......@........### #.
................# #.
##..............# ##
......####......# ##
###### #......### #.
#........#####.
#..............
#........#####.
####.....# #.


You could see a kobold brigand, Ijyb and a kobold (wandering).

Vanquished Creatures
  Crazy Yiuf (D:2)
  Jessica (D:2)
  4 adders
  A worm (D:2)
  An orc (D:3)
  4 ball pythons
  2 endoplasms
  A giant cockroach (D:1)
  6 hobgoblins
  2 quokkas (D:2)
  9 bats
  2 frilled lizards (D:2)
  5 goblins
  5 kobolds
  5 rats
49 creatures vanquished.

Notes
Turn   | Place    | Note
-------+----------+-------------------------------------------
     0 | D:1      | styxcanada the Spriggan Brigand began the quest for the
                  | Orb.
     0 | D:1      | Reached XP level 1. HP: 10/10 MP: 2/2
    21 | D:1      | Reached skill level 6 in Stealth
   169 | D:1      | Reached XP level 2. HP: 14/14 MP: 3/3
   836 | D:2      | Reached XP level 3. HP: 6/18 MP: 4/4
   844 | D:2      | Reached skill level 7 in Stealth
   972 | D:2      | Found a faded altar of an unknown god.
  1164 | D:2      | Found a runed translucent door.
  1165 | D:2      | Noticed Crazy Yiuf
  1174 | D:2      | Killed Crazy Yiuf
  1175 | D:2      | Reached skill level 1 in Evocations
  1175 | D:2      | Reached XP level 4. HP: 3/23 MP: 4/6
  1646 | D:2      | Reached skill level 1 in Spellcasting
  1938 | D:2      | Noticed Jessica
  1939 | D:2      | Killed Jessica
  2060 | D:2      | Learned a level 2 spell: Ensorcelled Hibernation
  2272 | D:3      | Reached XP level 5. HP: 24/26 MP: 6/8
  2505 | D:3      | Noticed Ijyb
  2510 | D:3      | Found a runed translucent gate.
  2522 | D:3      | Blown up by Ijyb

Illustrated notes

Levels and vault maps discovered:
D:1:      kennysheep_arrival_forest, layout_rooms, serial_curves,
          eino_curves_04, eino_curves_03, columned_hall_lemuel
D:2:      layout_loops_cross, chequers_ecumenical_altar_simple_redux,
          uniq_crazy_yiuf_cottage, uniq_jessica
D:3:      layout_rooms, pdpol_wu_jian_five_deadly_venoms,
          gammafunk_ghost_nasty_kobolds, st_stairs_5, uniq_ijyb, uniq_sigmund

Skill      XL: |  1  2  3  4 |
---------------+-------------+-----
Stealth        | 6 7 |  7.7
Dodging        | 2 |  2.7
Evocations     | 1 |  1.4
Spellcasting   | 1 |  1.3
Fighting       | 2 |  2.0
Short Blades   | |  2.6
Throwing       | |  2.3
Hexes          | |  0.2

Action                   |  1- 3 |  4- 6 || total
-------------------------+-------+-------++-------
Melee: Dagger            |    69 |    61 ||   130
Throw: Dart              |    17 |     2 ||    19
       Stone             |       |     1 ||     1
  Use: Scroll            |       |     5 ||     5
 Stab: Sleeping          |     9 |     2 ||    11
       Distracted        |     1 |       ||     1
Armor: Robe              |    18 |     5 ||    23
Dodge: Dodged            |    53 |    34 ||    87
